Cogmind - Beta 13 @@@ ROGUE MODE // 2024.04.02 @ 09:37:49 Player: Scringis Result: Destroyed by G-34 Mercenary with Small Laser Performance ------------- Evolutions (0) 0 Regions Visited (1) 200 Robots Destroyed (18) 90 Value Destroyed (452) 452 Prototype IDs (0) 0 Alien Tech Used (0) 0 Bonus (0) 0 TOTAL SCORE: 742 Bonus ------- None Cogmind --------- Core Integrity 0/250 Matter 289/300 Energy 89/100 System Corruption 1% Temperature Cool (6) Movement Core (400) Ox7 Location -10/Materials Parts ------- > --- POWER (1) -------- (None) > --- PROPULSION (2) --- (None) > --- UTILITY (2) ------ Large Storage Unit ECM Suite > --- WEAPON (2) ------- Light Assault Rifle > --- INVENTORY (15) --- Medium Matter Pod (72) Beam Cannon Beam Cannon Peak State ------------ > --- POWER ------------ Light Ion Engine > --- PROPULSION ------- Light Treads Light Treads > --- UTILITY ---------- Large Storage Unit ECM Suite > --- WEAPON ----------- Small Laser Light Assault Rifle > --- INVENTORY -------- (None) [Rating: 7] Favorites ----------- Power Light Ion Engine Engine Light Ion Engine Propulsion Light Treads Treads Light Treads Utility Large Storage Unit Device ECM Suite Storage Large Storage Unit Weapon Light Assault Rifle Energy Gun Small Laser Energy Cannon Beam Cannon Ballistic Gun Light Assault Rifle Build | -11 -10 ------- Run | Yrd Mat Slots Evolved . | . . Power . | . . Propulsion . | . . Utility . | . . Weapon . | . . Parts Attached 15 | 4 11 Power 3 | 1 2 Engine 3 | 1 2 Core . | . . Reactor . | . . Propulsion 2 | 2 . Treads 2 | 2 . Leg . | . . Wheel . | . . Hover . | . . Flight . | . . Utility 3 | 1 2 Device 1 | . 1 Storage 2 | 1 1 Processor . | . . Hackware . | . . Protection . | . . Artifact . | . . Weapon 7 | . 7 Energy Gun 2 | . 2 Energy Cannon 2 | . 2 Ballistic Gun 3 | . 3 Ballistic Cannon . | . . Launcher . | . . Special Weapon . | . . Impact Weapon . | . . Slashing Weapon . | . . Piercing Weapon . | . . Special Melee Weapon . | . . Unidentified Prototypes . | . . Parts Lost 6 | . 6 Power 2 | . 2 Propulsion 2 | . 2 Utility . | . . Weapon 2 | . 2 Highest Loss Streak 2 | . 2 To Critical Strikes . | . . Average Slot Usage (%) 81 | . 81 Engine 13 | . 13 Treads 19 | . 19 Device 11 | . 11 Storage 14 | . 14 Energy Gun 3 | . 3 Energy Cannon 2 | . 2 Ballistic Gun 16 | . 16 Naked Turns . | . . Heaviest Build 33 | 8 33 Greatest Support 40 | 40 40 Greatest Overweight (x) 1 | . 1 Average Overweight (x) . | . . Largest Inventory Capacity 15 | 8 15 Average Capacity 14 | 6 14 Most Carried 4 | 4 4 Average Carried 2 | 2 2 Final Capacity 15 | 8 15 Final Carried 3 | 3 3 Class Distribution -------------------- 100% | Mutant Dominant Class ---------------- Mutant | -10/Materials Resources | -11 -10 ----------- Run | Yrd Mat Matter Collected 471 | 103 368 Remotely . | . . Salvage Created 543 | . 543 Parts 45 | . 45 Haulers Intercepted . | . . Recyclers Shooed . | . . Parts Field Recycled . | . . Retrieved Matter . | . . Parts Self-Destructed . | . . Prevented . | . . Kills | -11 -10 ------- Run | Yrd Mat Combat Hostiles Destroyed 17 | . 17 Guns 14 | . 14 Cannons 3 | . 3 Classes Destroyed 3 | . 3 Builder 1 | . 1 Swarmer 6 | . 6 Grunt 11 | . 11 Best Kill Streak 3 | . 3 Combat Bots Only 3 | . 3 Max Kills in Single Turn 1 | . 1 Gunslinging . | . . Exploded . | . . Melee . | . . Uniques/NPCs Destroyed . | . . Combat | -11 -10 -------- Run | Yrd Mat Hostile Shots Fired 152 | . 152 Missed 53 | . 53 Damage Taken 1062 | . 1062 Core 256 | . 256 Absorbed by Shields . | . . Core Remaining (%) 100 | 100 . Volleys Fired 95 | . 95 Largest 2 | . 2 Hottest 120 | . 120 Shots Fired 131 | . 131 Gun 117 | . 117 Cannon 14 | . 14 Launcher . | . . Special . | . . Kinetic 92 | . 92 Thermal 32 | . 32 Explosive . | . . Electromagnetic 7 | . 7 Robot Hit Streak 9 | . 9 Robot Miss Streak 4 | . 4 Penetration Max . | . . Secondary Targets . | . . Shots Hit Robots 81 | . 81 Core Hits 39 | . 39 Critical Kills . | . . Critical Parts Destroyed . | . . Critical Strikes . | . . Melee Attacks . | . . Impact . | . . Slashing . | . . Piercing . | . . Sneak Attacks . | . . Combat Hostiles . | . . Follow-up Attacks . | . . Damage Inflicted 828 | . 828 Guns 681 | . 681 Cannons 142 | . 142 Explosions . | . . Melee . | . . Ramming 5 | . 5 Kinetic 488 | . 488 Thermal 297 | . 297 Explosive . | . . Electromagnetic 38 | . 38 Impact . | . . Slashing . | . . Piercing . | . . Highest Corruption 1 | . 1 Average Corruption 1 | . 1 Corruption Purged . | . . Corruption Blocked . | . . Effects 6 | . 6 Message Errors 4 | . 4 Heat Flow Errors 1 | . 1 Data Loss (minor) 1 | . 1 Overload Shots . | . . Overflow Damage . | . . Projectiles . | . . Explosions . | . . Melee . | . . Knockbacks . | . . Impact . | . . Kinetic . | . . Secondary . | . . Self-Inflicted Damage . | . . Shots . | . . Rammed 1 | . 1 Targets Rammed 1 | . 1 Kicked . | . . Crushed . | . . Highest Temperature 286 | . 286 Average Temperature 78 | . 78 Received Heat Transfer 462 | . 462 Siege Activations . | . . Robots Corrupted . | . . Combat Hostiles . | . . Parts Fried . | . . Impact Corruptions . | . . Robots Melted . | . . Combat Hostiles . | . . Parts Melted . | . . Heat Transferred 646 | . 646 Parts Sabotaged . | . . Parts Stolen . | . . Parts Stripped . | . . Power Chain Reactions . | . . Alert | -11 -10 ------- Run | Yrd Mat Peak Influence 236 | . 236 Initial . | . . Average 76 | . 80 Maximum Alert Level 1 | . 1 Low Security (%) 90 | 100 89 Level 1 9 | . 10 Level 2 . | . . Level 3 . | . . Level 4 . | . . Level 5 . | . . High Security . | . . Max Security . | . . Squads Dispatched 6 | . 6 Investigation 3 | . 3 Extermination . | . . Reinforcement 3 | . 3 Assault . | . . Garrison . | . . Intercept . | . . Searches Triggered . | . . Construction Impeded . | . . Haulers Reinforced . | . . Active Scanning Responses . | . . Cargo Convoy Interrupts . | . . Stealth | -11 -10 --------- Run | Yrd Mat Distress Signals 4 | . 4 Communications Jammed . | . . Distress Signals . | . . Times Spotted 38 | . 38 Peak Tracking Total 6 | . 6 Tactical Retreats 4 | . 4 Traps | -11 -10 ------- Run | Yrd Mat Traps Triggered 2 | . 2 Indirectly . | . . Trap Hack Attempts . | . . Triggered . | . . Disarmed . | . . Reprogrammed . | . . Reused . | . . Traps Extracted . | . . Installed . | . . Triggered . | . . Machines | -11 -10 ---------- Run | Yrd Mat Machines Disabled . | . . Max in Single Turn . | . . Machines Repaired . | . . Machines Dismantled . | . . Machines Sabotaged . | . . Overloaded Fab Kills . | . . Hacking | -11 -10 --------- Run | Yrd Mat Machines Accessed 4 | . 4 Terminals 4 | . 4 Fabricators . | . . Repair Stations . | . . Recycling Units . | . . Scanalyzers . | . . Garrison Access . | . . Total Hacks 11 | . 11 Successful 8 | . 8 Failed 3 | . 3 Catastrophic . | . . Database Lockouts . | . . Manual . | . . Terminals 11 | . 11 Fabricators . | . . Repair Stations . | . . Recycling Units . | . . Scanalyzers . | . . Garrison Access . | . . Terminal Hacks 8 | . 8 Locate Traps 3 | . 3 Security Status 1 | . 1 Hauler Manifests 1 | . 1 Registered Components 1 | . 1 Zone Layout 2 | . 2 Fabricator Hacks . | . . Repair Station Hacks . | . . Recycling Unit Hacks . | . . Scanalyzer . | . . Garrison Access Hacks . | . . Unauthorized Hacks . | . . Terminals . | . . Fabricators . | . . Repair Stations . | . . Recycling Units . | . . Scanalyzers . | . . Garrison Access . | . . Data Cores Recovered . | . . Used . | . . Hacking Detections 2 | . 2 Full Trace Events 1 | . 1 Feedback Events 1 | . 1 Corruption 1 | . 1 Feedback Blocked . | . . Robot Schematics Acquired . | . . Robots Built . | . . Authchips . | . . Time . | . . Total Robot Build Rating . | . . Part Schematics Acquired . | . . Parts Built . | . . Authchips . | . . Time . | . . Total Part Build Rating . | . . Parts Repaired . | . . Time . | . . Parts Recycled . | . . Recycled Matter . | . . Retrieved Matter . | . . Retrieved Components . | . . Parts Scanalyzed . | . . Part Schematics Acquired . | . . Parts Damaged . | . . Bothacking | -11 -10 ------------ Run | Yrd Mat Used RIF Installer . | . . Robots Hacked . | . . Non-combat . | . . Combat . | . . Robot Hacks Applied . | . . Relay Couplers Released . | . . Fabnet Peak Effective % . | . . Robots Rewired . | . . Allies Hacked . | . . Hacks Repelled . | . . Allies | -11 -10 -------- Run | Yrd Mat Total Allies . | . . Largest Group . | . . Highest-Rated Group . | . . Highest-Rated Ally . | . . Total Orders . | . . Ally Attacks . | . . Total Damage . | . . Kills . | . . Allies Corrupted . | . . Allies Melted . | . . Intel | -11 -10 ------- Run | Yrd Mat Robot Analysis Total . | . . Derelict Logs Recovered . | . . Drone Launches . | . . Drone Recoveries . | . . Exploration | -11 -10 ------------- Run | Yrd Mat Turns Passed 1475 | 75 1400 Spaces Moved 609 | 51 558 Core 15 | 15 . Treads 594 | 36 558 Legs . | . . Wheels . | . . Hover . | . . Flight . | . . Fastest Speed 50 | 50 160 Average Speed 197 | 127 204 Slowest Speed 240 | 160 240 Overloaded Moves . | . . Propulsion Burnouts . | . . Robots Hopped . | . . Cave-ins Triggered . | . . Exploration Rate (%) 36 | 4 69 Regions Visited 1 Branch Regions . Pre-discovered Areas . | . . Known Exits Taken . | . . Unknown Exits Taken 1 | 1 . Scrap Searched . | . . Spaces Dug . | . . Terrain Destroyed . | . . Melee . | . . Projectile . | . . AOE . | . . Terrain Rammed . | . . Walls Destroyed . | . . Machines Disabled . | . . Actions | -11 -10 --------- Run | Yrd Mat Total 768 | 61 707 Wait 24 | . 24 Move 608 | 50 558 Hop . | . . Pick Up 18 | 7 11 Fast Attach . | . . Attach 10 | 4 6 Detach 1 | . 1 Swap 5 | . 5 Drop 6 | . 6 Fire 95 | . 95 Melee . | . . Ram . | . . Kick . | . . Crush 1 | . 1 Escape Stasis . | . . Rewire . | . . Trap . | . . Miscellaneous . | . . Route ------- -11/Scrapyard -10/Materials (discovered 2 exits: [*Mat x2]) History --------- Turn | Location | Event 7 | -11/Scrapyard | Discovered new exit (range 16) 76 | -11/Scrapyard | Entered Materials 312 | -10/Materials | Build established: Mutant 651 | -10/Materials | Discovered new exit (range 15) 705 | -10/Materials | Core integrity fell below 50% 895 | -10/Materials | Core integrity fell below 20% 1198 | -10/Materials | Discovered new exit (range 15) 1476 | -10/Materials | Destroyed by G-34 Mercenary with Small Laser Last Messages --------------- >>Enumerate(Guards) Retrieving latest reported positions... Security request, restricting to local area... No active security squads found. EXIT=FOUND O-16 Technician: "IFF HANDSHAKE FAILED. SECURING TERMINAL." ALERT: Hostiles spotted, dispatching reinforcements to Terminal M006. ALERT: Hostiles spotted, dispatching reinforcements to Terminal M003. Lgt. Assault Rifle destroyed. G-34 Mercenary destroyed. Acquired 46 matter. Acquired 43 matter. System corrupted: Component data lost. T#P= =I|IHKDM5AL8MQW=/A4BM Lgt. Treads destroyed. Lgt. Ion Engine destroyed. G-34 Mercenary destroyed. Map ----- +----------------------------------------------------+ | ???????#*#???# # """ / ??????????????????? | | ???????# #???# # """ # ??????????????????? | | ??????## ##### # ### ## ??????????????????? | | ??????#= # """ ###+###??????????????????? | | ####### + """ # #??????????????????? | | # """ # +??????????????????? | | #########+## # # #??????????????????? | | #??# %!# ###+###### #??????????????????? | | #### = #? ????????????????????????????????? | | +%* #? ??????????????????????????????? | | ####[ % #? ?????????????????????????????? | | #### # /? #????????????????????????????? | | ######+### ??? #????????????????????????????? | | ^ %% % ?? ?????????????????????????????? | | ^ ?????????????????????????????????? | | ^ ?????????????????????????????????? | | ##### ####/#?????????????????????????????????? | | ###???# #??????????########????????????????????? | | #######= ## ## #???????????????????? | | # ## ## #???????????????????? | | #= ## ! ## """ """ #???????????????????? | | """ * # ## ## """ """ #???????????????????? | | """ # ## ## """ """ #??????########?????? | | """ + ########## #??????# || #?????? | | ####### #????????######/####??????# || #?????? | | #?########???# @ #?#??????# #?????? | | ######## #?# ! #???# #?#??????# #?????? | | #??????# ### """#???# #?#??????# #?????? | | #??????# # """#???# #?#??????# """" #????## | | #??????#### # """#??## ###??????# """" #????# | | #?????????# # #??# ##??????# """" #????# | | #?????????# / #??# ######### #????# | | #?????????# ########### g%! + " #????# | | #?????????# "T" ## ######### T #????# | | #?????????# ^ ## #???????# " #????# | | #?????????# ^ #### ###???????# #????# | | #??######## ^ ^ #??# #?????????####+###????# | | #??# # #### #??????????# ####### | | #??# """ # #??????????# | | #??# """ # #??????????# | | #??# """ # """ #??????????# | | #??# # """"" #??????????# ####### | | #??# """ # """"" ####???????######+######?# | | #??# """ # """"" #??????????# #?# | | #??# """ + """ #??????????# """ "T" #?# | | #??# # #??????????# """ #?# | | #??# """ # #??????????# """ #?# | | ???# """ ##############??????????# ! #?# | | ???# """ #???????????????????????# #?# | | ???# ????????????????????????# #?# | +----------------------------------------------------+ Best States ------------- Heat Dissipation 25 Energy Generation 10 Energy Capacity 250 Matter Stores 300 Matter Capacity 300 Sight Range 16 Terrain Scan Density 10 ECM Strength 1 Evasion (%) 50 Recoil Reduction 2 Item Schematics ----------------- None Robot Schematics ------------------ None Fabricated ------------ Nothing Alien Tech Used ----------------- None Achievements -------------- None Challenges ------------ None Game ------ Seed SmallComponentLink Manual? 0 Play Time 00:07:31 Cumulative 5.6 hours Start 2024.04.02 @ 09:31:49 End 2024.04.02 @ 09:37:49 Sessions 1 Manual Loads 0 Difficulty Rogue Special Mode None Game No. 17 Rogue 17 Adventurer 0 Explorer 0 Win Type - Total 0 Types 0/0/0/0/0/0/0/0/0 Lore% 7 Gallery% 10 Achievement% 9 Wizard Run 0 Options --------- Layout 1 ASCII 0 Keyboard 0 Movement Arrows Keybinds 0 Fullscreen 1 Font 24/Smallcaps Map View 50x35 Zoom Use 0% Tactical HUD 0 Map Filters NONE Filters NONE Steam 1 RUN: 8a70879f-a5cd-436e-b482-676c29201c03